Map: Frozen Temple

Players

Miszu - Winner!

  • Race: Terran Terran
  • League: Master

ZhuGeLiang

  • Race: Zerg Zerg
  • League: Grandmaster

VOD

Have the link to the VOD?

Description

Time

  • Played on: April 19, 2016, 1:03 p.m.
  • Length: 3:29
Show
View Real Time Build Order
Export as new Build Order

Miszu Terran - Winner!

Build Orders:  

Get SALT Encoding   

  12  0:01  SCV  
  13  0:13  SCV  
  14  0:19  Supply Depot  
  14  0:25  SCV  
  15  0:45  Barracks  
  15  0:53  Barracks  
  15  1:05  Barracks  
  15  1:33  Marine, Barracks  
  16  1:42  Marine  
  16  1:44  Supply Depot  
  17  1:51  Marine  
  17  1:52  Marine  
  19  2:00  Marine  
  20  2:09  Marine  
  20  2:10  Marine  
  22  2:18  Marine  
  23  2:23  Marine  
  23  2:27  Marine  
  23  2:28  Marine  
  26  2:35  Marine  
  25  2:41  Marine  
  25  2:45  Marine x2  
  26  2:53  Marine  
  27  2:59  Marine  
  27  3:02  Marine  
  27  3:03  Marine  
  30  3:09  Supply Depot  
  30  3:11  Marine  
Show
View Real Time Build Order
Export as new Build Order

ZhuGeLiang Zerg 

Build Orders: Hatch First 

Get SALT Encoding   

  12  0:01  Drone  
  13  0:08  Drone  
  14  0:17  Overlord  
  14  0:27  Extractor, Drone  
  15  0:37  Drone x2  
  17  0:53  Hatchery  
  17  0:56  Drone  
  17  0:59  Drone  
  17  1:03  Extractor  
  17  1:15  Spawning Pool  
  16  1:18  Drone  
  16  1:21  Drone  
  18  1:27  Drone  
  19  1:38  Overlord  
  19  2:02  Zergling x4, Queen  
  19  2:06  Metabolic Boost, Queen  
  25  2:08  Zergling x2  
  25  2:12  Zergling x2  
  27  2:17  Zergling x2  
  28  2:23  Zergling x2  
  28  2:28  Overlord  
  26  2:39  Zergling x4  
  25  2:52  Zergling x4  
  23  3:00  Zergling x4  
  23  3:04  Zergling x2  
  24  3:10  Zergling x2  
Tags
 
Add a new tag
Caveats
  • Supply blocks, unpowered buildings, or Contaminate may cause inaccurate times.
  • Supply counts are checked every 10 seconds.